 Dungeon Crawl Stone Soup version 0.29.1-15-g9cfb28693d (webtiles) character file.

Game seed: 8962223254892690235

4 javelincjr the Magician (level 1, -1/13 HPs)
             Began as a Demonspawn Hedge Wizard on Mar 28, 2023.
             Slain by a quokka (3 damage)
             ... on level 1 of the Dungeon.
             The game lasted 00:01:39 (359 turns).

javelincjr the Magician (Demonspawn Hedge Wizard)    Turns: 359, Time: 00:01:40

Health: -1/13      AC:  2    Str: 10    XL:     1   Next: 50%
Magic:  1/4        EV: 12    Int: 15    God:
Gold:   9          SH:  0    Dex: 12    Spells: 5/6 levels left

rFire   . . .      SeeInvis .   a - +0 dagger
rCold   . . .      Faith    .   (no shield)
rNeg    . . .      Spirit   .   b - +0 robe
rPois   .          Reflect  .   c - +0 hat
rElec   .          Harm     .   (no cloak)
rCorr   .          Rampage  .   (no gloves)
Will    .....                   (no boots)
Stlth   ++........              (no amulet)
HPRegen 0.04/turn               (no ring)
MPRegen 0.09/turn               (no ring)

@: no status effects
A: no striking features
a: no special abilities


You were on level 1 of the Dungeon.
You visited 1 branch of the dungeon, and saw 1 of its levels.

You collected 9 gold pieces.

Inventory:

Hand Weapons
 a - a +0 dagger (weapon)
Armour
 b - a +0 robe (worn)
 c - a +0 hat (worn)
Potions
 d - a potion of magic


   Skills:
 + Level 1.8 Dodging
 + Level 1.8 Stealth
 + Level 3.0 Spellcasting
 + Level 1.1 Conjurations
 + Level 1.1 Summonings
 + Level 1.0 Translocations


You had 5 spell levels left.
You knew the following spells:

 Your Spells              Type           Power      Damage    Failure   Level
a - Magic Dart            Conj           20%        1d4       13%         1

Your spell library contained the following spells:

 Spells                   Type           Power      Damage    Failure   Level
 Call Imp                 Summ           5%         N/A       19%         2
 Slow                     Hex            8%         N/A       21%         1
 Blink                    Tloc           10%        N/A       21%         2
 Conjure Flame            Conj/Fire      3%         6-21      43%         3
 Mephitic Cloud           Conj/Pois/Air  3%         N/A       45%         3


Dungeon Overview and Level Annotations

Branches:
Dungeon (1/15)

Altars:


Message History

The magic dart hits the bat.
The bat is severely wounded.
The magic dart hits the bat.
You kill the bat!
Your Translocations skill increases to level 1!
The magic dart hits the quokka but does no damage.
The magic dart hits the quokka.
The quokka is heavily wounded.
You close the door.
You start resting.
Magic restored.
You open the door.
The magic dart hits the quokka but does no damage.
The quokka bites you.
The magic dart hits the quokka but does no damage.
The quokka closely misses you.
The magic dart hits the quokka but does no damage.
The quokka barely misses you. The quokka bites you.
The magic dart hits the quokka but does no damage.
The quokka closely misses you.
You hit the quokka but do no damage. The quokka barely misses you.
You hit the quokka but do no damage.
The quokka bites you but does no damage.
You hit the quokka but do no damage. The quokka misses you.
You closely miss the quokka. The quokka barely misses you.
The quokka bites you.
You hit the quokka.
The quokka is heavily wounded.
The quokka bites you.
You hit the quokka but do no damage.
The quokka is heavily wounded.
The quokka closely misses you.
You hit the quokka.
The quokka is almost dead.
The quokka bites you.
* * * LOW HITPOINT WARNING * * *
You hit the quokka but do no damage.
The quokka is almost dead.
The quokka bites you.
You die...

#.......).#
+.........+
.........
.......
..... ..† #
#r# . #@##
#. #..##
##.###...##
......>...#
##.#>....##
##...##
##..######
#........
#.#######


You could see a quokka.

Vanquished Creatures
  A bat (D:1)
  A giant cockroach (D:1)
  A quokka (D:1)
3 creatures vanquished.

Notes
Turn   | Place    | Note
-------+----------+-------------------------------------------
     0 | D:1      | javelincjr the Demonspawn Hedge Wizard began the quest for
                  | the Orb.
     0 | D:1      | Reached XP level 1. HP: 13/13 MP: 4/4
   304 | D:1      | Reached skill level 1 in Translocations
   359 | D:1      | Slain by a quokka

Illustrated notes

Levels and vault maps discovered:
D:1:      scummos_arrival_gate, layout_loops_corners,
          shapermc_ecumenical_altar_acropolis

Skill      XL: |  1 |
---------------+----+-----
Translocations | 1 |  1.0
Dodging        | |  1.8
Stealth        | |  1.8
Spellcasting   | |  3.0
Conjurations   | |  1.1
Summonings     | |  1.1

Action                   || total
-------------------------++-------
Melee: Dagger            ||    18
       Punch             ||     1
 Cast: Magic Dart        ||    14
Armor: Robe              ||     2
Dodge: Dodged            ||    12
